 Dungeon Crawl Stone Soup version 0.27-a0-887-gcab673c142 (webtiles) character file.

Game seed: 4807498609886934602

56 Alarkh the Insei (level 3, 0/42 HPs)
             Began as a Demonspawn Gladiator on Apr 4, 2021.
             Slain by Sigmund
             ... wielding a +0 scythe of freezing
              (2 damage)
             ... on level 2 of the Dungeon.
             The game lasted 00:01:49 (1481 turns).

Alarkh the Insei (Demonspawn Gladiator)             Turns: 1481, Time: 00:01:49

Health: 0/42       AC: 21    Str: 14    XL:     3   Next: 69%
Magic:  3/3        EV:  2    Int: 10    God:
Gold:   48         SH:  0    Dex: 14    Spells: 2/2 levels left

rFire    . . .     SeeInvis .     - Unarmed
rCold    . . .     Faith    .   (no shield)
rNeg     + + +     Spirit   .   (armour currently unavailable)
rPois    +         Reflect  .   (helmet currently unavailable)
rElec    .         Harm     .   (cloak currently unavailable)
rCorr    .         Rampage  .   (gloves currently unavailable)
Will     .....     NoTele   +   (boots currently unavailable)
Stlth    +.........             (no amulet)
HPRegen  0.14/turn              (no ring)
MPRegen  0.08/turn              (no ring)

@: confused, tree-form (expiring)
A: stationary, stasis, torment immunity, boosted hp, (claws 1)
a: no special abilities


You were on level 2 of the Dungeon.
You were a tree.
You visited 1 branch of the dungeon, and saw 2 of its levels.

You collected 48 gold pieces.

Inventory:

Missiles
 c - 3 throwing nets (quivered)
Armour
 a - a +0 leather armour (melded)
 b - a +0 helmet (melded)
Scrolls
 e - a scroll of identify
 f - a scroll of acquirement
 g - a scroll of fear {unknown}
Potions
 h - a potion of flight {unknown}
 i - a potion of might {unknown}
 j - a potion of berserk rage {unknown}
 k - a potion of mutation {unknown}


   Skills:
 + Level 2.8 Fighting
 - Level 1.7 Throwing
 - Level 2.6 Dodging
 * Level 3.8 Unarmed Combat


You had 2 spell levels left.
You didn't know any spells.
Your spell library was empty.

Dungeon Overview and Level Annotations

Branches:
Dungeon (2/15)

Altars:

Shops:
D:2 =

Annotations:
D:2 Sigmund


Innate Abilities, Weirdness & Mutations

You are a tree.
Your roots penetrate the ground, keeping you stationary.
You cannot be teleported.
You are immune to unholy pain and torment.
Your maximum health is greatly increased.
Your equipment is partially melded.
((You have sharp fingernails.))


Message History

You hear some strange, mumbled words.
A puff of flame appears from out of thin air!
The puff of flame hits you.
You hear some strange, mumbled words.
Something hits you. Something freezes you.
You hear some strange, mumbled words.
You are confused.
Something hits you but does no damage. Something hits you but does no damage.
Something hits you but does no damage.
A magic dart appears from out of thin air!
The magic dart hits you. Something hits you but does no damage.
Something hits you. Something freezes you.
You feel less confused. Something hits you but does no damage.
Something hits you but does no damage.
You hear some strange, mumbled words.
You are confused.
Something hits you. Something freezes you.
Something hits you but does no damage. Something hits you but does no damage.
Your transformation is almost over.
You hear some strange, mumbled words.
You feel less confused. Something hits you!
* * * LOW HITPOINT WARNING * * *
Something freezes you.
* * * LOW HITPOINT WARNING * * *
You hear some strange, mumbled words.
Something hits you but does no damage.
Sigmund appears from thin air!
Reactivating autopickup.
Sigmund gestures at you while chanting.
You are confused.
Sigmund hits you but does no damage.
Sigmund hits you from afar with a +0 scythe of freezing.
* * * LOW HITPOINT WARNING * * *
Sigmund freezes you.
You die...

#..........#####...######
#.# ..†..8.....#.......#..
..# ..##..###..#.###.#.#.#
### ..##.........#
#.#.#.###### ..##.........#
#<#.........
..##.........#####.........
..##.......................
..##........#######........
####......>.....♣)@........
#........#######.....$..
#....[...# #........
######### #........
#########


You could see Sigmund.

Vanquished Creatures
  An adder (D:2)
  A dart slug (D:2)
  2 bats (D:1)
  4 endoplasms (D:1)
  4 giant cockroaches (D:1)
  5 goblins (D:1)
  5 hobgoblins
  2 jackals (D:1)
  A quokka (D:1)
  4 ball pythons (D:1)
  3 frilled lizards (D:1)
  6 kobolds
  2 rats (D:1)
40 creatures vanquished.

Notes
Turn   | Place    | Note
-------+----------+-------------------------------------------
     0 | D:1      | Alarkh the Demonspawn Gladiator began the quest for the
                  | Orb.
     0 | D:1      | Reached XP level 1. HP: 16/16 MP: 1/1
    50 | D:1      | Reached skill level 3 in Unarmed Combat
    69 | D:1      | Gained mutation: You have sharp fingernails. [demonic
                  | ancestry]
    69 | D:1      | Reached XP level 2. HP: 12/22 MP: 2/2
   647 | D:1      | Reached XP level 3. HP: 9/28 MP: 3/3
   819 | D:1      | Found a faded altar of an unknown god.
  1312 | D:2      | Found Megoa's Jewellery Emporium.
  1439 | D:2      | Noticed Sigmund
  1450 | D:2      | Identified a scroll of acquirement
  1481 | D:2      | HP: 2/42 [Sigmund/+0 scythe of freezing (4)]
  1481 | D:2      | Slain by Sigmund

Illustrated notes

Levels and vault maps discovered:
D:1:      dpeg_arrival_erosion, layout_basic, shapermc_ecumenical_altar_venn
D:2:      layout_basic, serial_shops, nicolae_shop_statue_plus,
          minmay_tiny_reverse_x, uniq_sigmund

Skill      XL: |  1 |
---------------+----+-----
Unarmed Combat | 3 |  3.8
Fighting       | |  2.8
Throwing       | |  1.7
Dodging        | |  2.6

Action                   || total
-------------------------++-------
Melee: Unarmed           ||   118
       Punch             ||     3
  Use: Scroll            ||     1
       Potion            ||     1
 Stab: Sleeping          ||     1
       Distracted        ||     1
Armor: Leather armour    ||    38
       Skin              ||    19
Dodge: Dodged            ||    63

Table legend: (Time is in decaauts)
 A = Elapsed time spent in this place.
 B = Non-inter-level travel time spent in this place.
 C = Inter-level travel time spent in this place.
 D = Time resting spent in this place.
 E = Time spent auto-exploring this place.
 F = Levels seen in this place.
 G = Mean time per level.
                   A        B        C        D        E       F      G
               +--------+--------+--------+--------+--------+-----+--------+
         Total |   1472 |   1465 |      7 |    127 |   1077 |   2 |  736.0 |
       Dungeon |   1472 |   1465 |      7 |    127 |   1077 |   2 |  736.0 |
               +--------+--------+--------+--------+--------+-----+--------+

Top non-repeatable levels by time:
     D:1: 1195 daAuts
     D:2: 277 daAuts
